AoeStats
← Goku★

African Clearing

504318933Analyzed
2v2 RM · 29d ago on Sep 4, 2026· 41m 10s· 4 players
Game mode
Random Map
Map size
Medium (4 player)
Population
200
Speed
Normal
Resources
Standard
Victory
Conquest
Starting age
Dark Age
Ending age
Imperial Age
RankedLock teamsTeams togetherTeam positionsShared explorationLock speedFull tech treeHidden civsTurbo modeCheats
Victory
Defeat
🇫🇷 Persians · France
1244
+17
🇫🇷 Mongols · France
1243
+17
🇵🇾 Teutons · Paraguay
1285
-17
🇫🇷 Huns · France
1262
-17
Goku★
3:00 Loom
13:49 Feudal Age
14:17 Town Watch
15:35 Horse Collar
21:34 Castle Age
22:11 Forging
26:01 Scale Mail Armor
27:11 Fletching
30:51 Padded Archer Armor
30:47 Bodkin Arrow
36:27 Imperial Age
34:33 Wheelbarrow
33:59 Town Patrol
34:03 Padded Archer Armor
33:26 Elite Skirmisher
34:04 Pikeman
34:46 Squires
35:13 Masonry
36:35 Leather Archer Armor
36:56 Iron Casting
40:14 Halberdier
41:59 Blast Furnace
Hamidouche
12:18 Feudal Age
10:34 Loom
12:57 Double-Bit Axe
13:18 Horse Collar
17:39 Fletching
22:38 Castle Age
21:02 Padded Archer Armor
21:51 Gold Mining
22:20 Bloodlines
23:38 Bodkin Arrow
28:10 Bow Saw
35:31 Ballistics
Maitre Yoda
5:33 Loom
11:31 Feudal Age
12:45 Double-Bit Axe
13:46 Town Watch
21:39 Castle Age
20:23 Scale Barding Armor
20:09 Horse Collar
21:30 Bloodlines
23:45 Forging
34:57 Imperial Age
34:36 Wheelbarrow
34:09 Fletching
34:42 Chain Barding Armor
34:35 Heavy Plow
35:38 Conscription
36:48 Light Cavalry
37:29 Husbandry
37:31 Bodkin Arrow
37:57 Chain Barding Armor
38:13 Iron Casting
39:18 Hoardings
39:54 Hussar
reez
10:27 Loom
12:48 Feudal Age
14:09 Double-Bit Axe
16:44 Fletching
17:54 Padded Archer Armor
26:46 Castle Age
27:23 Bloodlines
27:29 Bodkin Arrow
30:13 Thumb Ring
30:33 Bow Saw
34:40 Town Watch
Connection lost

Rejoining the realm…

Still unreachable

The connection could not be restored.

Session expired

The server has moved on; the page needs a fresh start.